 Dungeon Crawl Stone Soup version 0.30-a0-1123-gabc949cf19 (console) character file.

Game seed: 3898407746887475751

9746 petzl the Thaumaturge (level 11, -19/70 (78) HPs)
             Began as a Formicid Delver on Apr 22, 2023.
             Was a Priest of Vehumet.
             Killed from afar by Josephine (28 damage)
             ... with a ghostly fireball
             ... on level 11 of the Dungeon.
             The game lasted 01:03:38 (10998 turns).

petzl the Thaumaturge (Formicid Delver)            Turns: 10998, Time: 01:03:39

HP:   -19/70 (78)   AC:  8    Str: 17    XL:     11   Next: 80%
MP:   21/24         EV: 11    Int: 20    God:    Vehumet [***...]
Gold: 628           SH:  5    Dex: 15    Spells: 20/28 levels left

rFire   . . .        a - +0 short sword (spect)
rCold   . . .        R - +0 buckler
rNeg    . . .        I - +1 leather armour {Will+}
rPois   .            (helmet unavailable)
rElec   .            N - +0 cloak
rCorr   .            p - +2 pair of gloves
SInv    +            (no boots)
Will    ++...        w - amulet of regeneration
Stlth   +++          u - +6 ring of intelligence
HPRegen 1.11/turn    (no ring)
MPRegen 0.19/turn

%: no passive effects
@: mighty, heavily drained
A: permanent stasis, dig shafts and tunnels, antennae 3, four strong arms,
passive freeze, screaming 1
a: Dig, Shaft Self, Renounce Religion


You were on level 11 of the Dungeon.
You worshipped Vehumet.
Vehumet was most pleased with you.
You visited 2 branches of the dungeon, and saw 12 of its levels.

You collected 751 gold pieces.
You spent 123 gold pieces at shops.

Inventory:

Hand Weapons
 a - a +0 spectral short sword (weapon)
 b - a +0 shortbow
 c - a +0 demon whip of venom
 d - a +0 dagger of electrocution {!f =f}
 C - the +5 spear of Makhleb's Inspiration {flame, rF++, !f =f}
   (You found it on level 11 of the Dungeon)

   rF:        It greatly protects you from fire.
 L - a +5 short sword of freezing
 T - a +2 mace of protection
Missiles
 l - 28 poisoned darts
 n - 4 boomerangs of dispersal
 M - 3 throwing nets
Armour
 p - a +2 pair of gloves (worn)
 G - a +0 kite shield
 I - a +1 leather armour of willpower (worn)
 N - a +0 cloak (worn)
 Q - the +0 leather armour of the Dwarven Hall {Rampage rPois rC+}
   (You took it off an orc priest on level 10 of the Dungeon)

   rC:        It protects you from cold.
   rPois:     It protects you from poison.
   Rampage:   It bestows one free step when moving towards enemies.
 R - a +0 buckler (worn)
Magical Staves
 r - a staff of air
 B - a staff of poison
Jewellery
 k - an amulet of reflection
 u - a +6 ring of intelligence (left hand)
 w - an amulet of regeneration (around neck)
 K - a ring of protection from cold
 O - a ring of ice
Wands
 f - a wand of digging (3)
 s - a wand of flame (21)
 y - a wand of quicksilver (3)
 P - a wand of charming (4)
Scrolls
 e - a scroll of fear
 h - 2 scrolls of silence
 o - a scroll of summoning
 q - a scroll of enchant armour
 t - a scroll of poison
 v - 5 scrolls of fog
 z - a scroll of enchant weapon
 A - a scroll of vulnerability
 E - 2 scrolls of magic mapping
 J - 3 scrolls of identify
Potions
 g - 4 potions of flight {unknown}
 i - 2 potions of curing
 j - a potion of might
 m - 6 potions of degeneration {unknown}
 x - 3 potions of brilliance {unknown}
 D - 4 potions of mutation
 F - a potion of cancellation {unknown}
 H - a potion of haste {unknown}
 S - a potion of magic {unknown}


   Skills:
 + Level 4.9 Fighting
 - Level 2.0 Maces & Flails
 + Level 2.9 Ranged Weapons
 - Level 1.7 Dodging
 + Level 7.3 Stealth
 + Level 5.1 Shields
 - Level 9.0 Spellcasting
 * Level 8.7 Conjurations
 - Level 2.0 Translocations
 + Level 3.2 Transmutations
 + Level 6.8 Fire Magic
 + Level 2.4 Air Magic
 + Level 3.9 Poison Magic
 - Level 3.0 Evocations


You had 20 spell levels left.
You knew the following spells:

 Your Spells              Type           Power      Damage    Failure   Level
b - Ignite Poison         Fire/Tmut/Pois 27%        N/A       1%          3
p - Apportation           Tloc           34%        N/A       4%          1
s - Sticky Flame          Conj/Fire      40%        2d6       1%          4

Your spell library contained the following spells:

 Spells                   Type           Power      Damage    Failure   Level
 Searing Ray              Conj           88%        2d7       1%          2
 Necrotise                Necr           36%        1d5       11%         1
 Summon Small Mammal      Summ           36%        N/A       11%         1
 Portal Projectile        Hex/Tloc       26%        N/A       22%         3
 Call Canine Familiar     Summ           9%         N/A       32%         3
 Eringya's Noxious Bog    Tmut/Pois      11%        N/A       65%         6
 Leda's Liquefaction      Hex/Erth       4%         N/A       73%         4
 Summon Forest            Summ/Tloc      6%         N/A       90%         5
 Summon Hydra             Summ           4%         N/A       100%        7
 Ignition                 Fire           18%        3d7       100%        8


Dungeon Overview and Level Annotations

Branches:
Dungeon (11/15)            Temple (1/1) D:6            Lair (0/5) D:11
    Orc: D:9-12

Altars:
Ashenzari
Dithmenos
Elyvilon
Hepliaklqana
Kikubaaqudgha
Makhleb
Nemelex Xobeh
Okawaru
Qazlal
Ru
Sif Muna
Uskayaw
Vehumet
Wu Jian
Zin
The Shining One

Shops:
D:2 (   D:7 ?

Annotations:
D:2 exclusion: downstairs
D:4 exclusion: 2 downstairs
D:6 exclusion: 3 downstairs
D:7 exclusion: 2 downstairs
D:8 exclusion: downstairs
D:9 exclusions: door and downstairs
D:10 exclusion: 2 downstairs
D:11 exclusion: manticore, Josephine


Innate Abilities, Weirdness & Mutations

You cannot be hasted, slowed, berserked, paralysed or teleported.
You can dig through walls and to a lower floor.
You have a pair of large antennae on your head. (SInv)
Your four strong arms can wield two-handed weapons with a shield.
A frigid envelope surrounds you and freezes all who hurt you.
You occasionally shout uncontrollably at your foes.


Message History

Josephine attacks as you move away! Josephine barely misses you.
Josephine burns!
You hit Josephine but do no damage.
Josephine is heavily wounded.
Your +0 spectral short sword hits Josephine.
Josephine burns!
Josephine hits you with a +0 dagger!
Josephine is very cold.
Josephine is severely wounded.
A wraith comes into view.
Unknown command.
You hit Josephine.
Josephine is severely wounded.
Your +0 spectral short sword barely misses Josephine.
Josephine burns!
Josephine draws life force from you!!
* * * LOW HITPOINT WARNING * * *
Josephine is healed by the life force!
Unknown command.
You feel very mighty all of a sudden.
Your +0 spectral short sword disappears.
Josephine burns!
Josephine draws life force from you.
* * * LOW HITPOINT WARNING * * *
Josephine is healed by the life force!
Unknown command.
You hit Josephine.
Josephine is severely wounded.
Your +0 spectral short sword closely misses Josephine.
Josephine burns!
Josephine completely misses you. Josephine draws life force from you!
* * * LOW HITPOINT WARNING * * *
Josephine is healed by the life force!
Unknown command.
Unknown command.
As you read the scroll of fear, it crumbles to dust.
You assume a fearsome visage.
Josephine looks frightened!
The wraith is unaffected. x2; The orc wizard looks frightened!
Your +0 spectral short sword disappears.
Josephine burns!
Josephine casts a spell at you.
The ghostly flame explodes!
The ghostly fireball engulfs you!!
You feel drained.
You die...

# ######..####..).### ####.
#...# #.##.... ...>.
######.###....... ......
#............#### ......###
#...........## #....#
#...........# ## #..#.##
#...........# #. { #....###
#...........####.
##.#...####...........##... ##.
#...#...##.............4#.
...#####...#..#..............#.
#.......................#.#...
#..............)#.##...###..(.
#..........##........######.##
#..........###....##..#.....#
#...........<).#...##...#####
#..)......W#..)##...#.###
#........Wo@).)รท....)..####
###<.#########@#.....##.....####
{ #.{..# #...................
#W{#.## ###...<..............#
...o#..# #.....................
....#.## #..#..................
... #. ##.................... ..
#. ##.................#. .. ..
##.................#. .#
#..#..............##)
#########.###.....##........#
#.........###########.##.....
#.....................#..##..
#.........###########.#.####.
########### #........ #..#####.
#..# #. #### ##


You could see Josephine (fleeing, burning), 2 wraiths and an orc wizard
(fleeing).

Vanquished Creatures
  5 two-headed ogres
  Amaemon (D:10)
  An orange demon (D:11)
  3 hornets
  3 wyverns
  A steam dragon (D:8)
  4 water moccasins
  3 black bears
  3 orc warriors
  An ice beast (D:7)
  2 sky beasts
  2 wolves (D:11)
  3 centaurs
  2 phantoms
  A kobold brigand (D:9)
  3 bullfrogs
  2 gnoll sergeants
  3 scorpions
  11 wights
  20 killer bees
  4 howler monkeys (D:9)
  A hound (D:5)
  7 orc priests
  A jelly (D:4)
  2 iguanas (D:5)
  Jessica (D:2)
  Natasha (thrice) (D:2)
  9 orc wizards
  Robin (D:3)
  8 gnolls
  4 adders
  A shadow imp (D:4)
  A white imp (D:6)
  A worm (D:2)
  3 dart slugs
  28 orcs
  7 ball pythons
  3 endoplasms
  3 giant cockroaches
  6 goblins
  15 hobgoblins
  9 jackals
  5 quokkas
  4 bats
  6 frilled lizards
  10 kobolds
  2 rats
219 creatures vanquished.

Vanquished Creatures (others)
  An orc priest (D:8)
  An orc wizard (D:7)
  6 fungi (D:11)
  11 plants (D:11)
19 creatures vanquished.

Grand Total: 238 creatures vanquished

Notes
Turn   | Place    | Note
-------+----------+-------------------------------------------
     0 | D:5      | petzl the Formicid Delver began the quest for the Orb.
     0 | D:5      | Reached XP level 1. HP: 18/18 MP: 1/1
    23 | D:5      | Noticed a hound
    66 | D:6      | Noticed a sky beast
   281 | D:7      | Reached skill level 1 in Spellcasting
   281 | D:7      | Reached skill level 1 in Evocations
   281 | D:7      | Reached XP level 2. HP: 24/24 MP: 3/3
   298 | D:6      | Noticed a centaur
   324 | D:5      | Noticed a black bear
   324 | D:5      | Noticed a phantom
   487 | D:3      | Found a glowing golden altar of the Shining One.
   589 | D:3      | Reached XP level 3. HP: 28/29 MP: 5/5
   655 | D:3      | Noticed a black bear
   898 | D:2      | Noticed Jessica
   899 | D:2      | Killed Jessica
   900 | D:2      | Reached skill level 2 in Spellcasting
   900 | D:2      | Reached XP level 4. HP: 35/35 MP: 5/7
   935 | D:2      | Found Foreuqy's Weapon Shop.
  1707 | D:2      | Found a faded altar of an unknown god.
  1842 | D:2      | Reached XP level 5. HP: 41/41 MP: 9/9
  1848 | D:2      | Reached skill level 3 in Spellcasting
  2033 | D:2      | Noticed Natasha
  2040 | D:2      | Killed Natasha
  2234 | D:2      | Noticed Natasha
  2257 | D:2      | Killed Natasha
  2375 | D:2      | Noticed Natasha
  2504 | D:2      | Killed Natasha
  2505 | D:2      | Reached skill level 4 in Spellcasting
  2664 | D:3      | Noticed Robin
  2685 | D:3      | Reached XP level 6. HP: 45/47 MP: 12/12
  2691 | D:3      | Killed Robin
  2906 | D:4      | Noticed an orc warrior
  3154 | D:3      | Found a burning altar of Makhleb.
  3494 | D:4      | Reached skill level 5 in Spellcasting
  3638 | D:4      | Noticed a sky beast
  3695 | D:3      | Found a hazy altar of Hepliaklqana.
  3707 | D:3      | Found a faded altar of an unknown god.
  3918 | D:5      | Reached XP level 7. HP: 44/52 MP: 15/15
  4031 | D:4      | Reached skill level 6 in Spellcasting
  4434 | D:5      | Reached skill level 7 in Spellcasting
  4737 | D:4      | Reached XP level 8. HP: 58/58 MP: 19/19
  5177 | D:6      | Found a staircase to the Ecumenical Temple.
  5183 | Temple   | Entered the Ecumenical Temple
  5197 | Temple   | Became a worshipper of Vehumet
  5287 | D:6      | Reached skill level 8 in Spellcasting
  6112 | D:6      | Reached skill level 9 in Spellcasting
  6192 | D:7      | Learned a level 4 spell: Sticky Flame
  6196 | D:7      | Learned a level 3 spell: Ignite Poison
  6264 | D:7      | Reached skill level 1 in Fire Magic
  6292 | D:7      | Reached skill level 1 in Conjurations
  6327 | D:7      | Found an iron altar of Okawaru.
  6392 | D:7      | Gained mutation: You occasionally shout uncontrollably at
                  | your foes. [potion of mutation]
  6392 | D:7      | Gained mutation: A frigid envelope surrounds you and
                  | freezes all who hurt you. [potion of mutation]
  6447 | D:7      | Found a hide-covered altar of Uskayaw.
  6556 | D:7      | Learned a level 1 spell: Apportation
  6565 | D:8      | Noticed a two-headed ogre
  6565 | D:8      | Noticed a hornet
  6625 | D:7      | Reached XP level 9. HP: 58/64 MP: 22/22
  6632 | D:7      | Reached skill level 1 in Translocations
  6853 | D:7      | Noticed a hornet
  6859 | D:7      | Killed a hornet
  6956 | D:7      | Found Xiaffiur's Magic Scroll Boutique.
  6959 | D:7      | Reached * piety under Vehumet
  6959 | D:7      | Offered knowledge of Shock by Vehumet.
  6962 | D:7      | Bought a scroll of magic mapping for 97 gold pieces
  6962 | D:7      | Bought a scroll of identify for 26 gold pieces
  7195 | D:8      | Found a sacrificial altar of Ru.
  7209 | D:8      | Killed a hornet
  7210 | D:8      | Reached skill level 1 in Shields
  7260 | D:9      | Noticed a two-headed ogre
  7329 | D:8      | Reached skill level 5 in Conjurations
  7622 | D:8      | HP: 3/64 [steam dragon/ball of steam (16)]
  7704 | D:8      | Killed a two-headed ogre
  7705 | D:8      | Reached XP level 10. HP: 38/70 MP: 23/23
  7712 | D:8      | Reached skill level 5 in Fire Magic
  8067 | D:9      | Found a shimmering blue altar of Sif Muna.
  8308 | D:9      | Killed a two-headed ogre
  8587 | D:9      | Found a broken altar of Ashenzari.
  8588 | D:9      | Found a white marble altar of Elyvilon.
  8589 | D:9      | Found a shadowy altar of Dithmenos.
  8645 | D:9      | Reached ** piety under Vehumet
  8660 | D:10     | Entered Level 10 of the Dungeon
  8686 | D:10     | Offered knowledge of Kiss of Death by Vehumet.
  8691 | D:10     | Reached skill level 1 in Poison Magic
  8835 | D:11     | Reached skill level 1 in Transmutations
  8871 | D:11     | Noticed a two-headed ogre
  8933 | D:10     | Reached skill level 1 in Ranged Weapons
  8933 | D:10     | Reached skill level 1 in Air Magic
  9003 | D:11     | Reached XP level 11. HP: 73/76 MP: 17/24
  9021 | D:10     | Identified the +0 leather armour of the Dwarven Hall
                  | {Rampage rPois rC+}
  9283 | D:10     | Noticed a two-headed ogre
  9285 | D:10     | Noticed a two-headed ogre
  9298 | D:9      | Killed a two-headed ogre
  9850 | D:10     | Killed a two-headed ogre
 10030 | D:10     | Found a glowing silver altar of Zin.
 10120 | D:11     | Offered knowledge of Searing Ray by Vehumet.
 10431 | D:11     | Noticed Amaemon
 10583 | D:10     | Killed Amaemon
 10693 | D:11     | Noticed a manticore
 10722 | D:11     | Reached skill level 5 in Shields
 10765 | D:11     | Found a staircase to the Lair.
 10773 | D:11     | Identified the +5 spear of Makhleb's Inspiration {flame,
                  | rF++}
 10919 | D:11     | Reached *** piety under Vehumet
 10942 | D:11     | Noticed Josephine
 10951 | D:11     | Killed a two-headed ogre
 10998 | D:11     | Killed from afar by Josephine

Illustrated notes

Levels and vault maps discovered:
D:1:      eino_arrival_tree_alley, layout_loops_ring, grunt_decor_one_mirror
D:2:      layout_loops_ring, shapermc_ecumenical_altar_acropolis, serial_shops,
          shop, uniq_jessica, uniq_natasha
D:3:      layout_basic, beargit_hepliaklqana_dungeon_heroes,
          mainiacjoe_overflow_catch_the_wave, minmay_unequal, uniq_robin
D:4:      layout_basic
D:5:      layout_basic
D:6:      layout_cave_pools, minmay_temple_entry_hall, bh_walls_and_bars
D:7:      layout_loops_ring, hellmonk_okawaru_the_only_friend_you_need,
          mainiacjoe_overflow_alcove_1, serial_shops, nicolae_shop_rolled_up
D:8:      layout_basic, nicolae_ru_sacrificial_ziggurat
D:9:      layout_roguey, mainiacjoe_overflow_brackets,
          chequers_temple_overflow_statue_of_worship
D:10:     layout_basic, zin_statuary, minmay_misc_feat_pillars,
          amcnicky_mini_rare_corridor_liquid
D:11:     layout_rooms, minmay_lair_entry_grove, chequers_garden,
          uniq_josephine, uniq_amaemon
Temple:   hellmonk_temple_of_storms

Skill      XL: |  1  2  3  4  5  6  7  8  9 10 11 |
---------------+----------------------------------+-----
Spellcasting   | 1 2 4 5 7 9 |  9.0
Evocations     | 1 2 3 |  3.0
Fire Magic     | 2 4 6 |  6.8
Conjurations   | 2 6 7 8 |  8.7
Translocations | 2 |  2.0
Shields        | 3 4 5 |  5.1
Poison Magic   | 2 3 |  3.9
Transmutations | 1 3 |  3.2
Ranged Weapons | 1 2 |  2.9
Air Magic      | 1 2 |  2.4
Fighting       | 4 |  4.9
Stealth        | 7 |  7.3
Maces & Flails | |  2.0
Dodging        | |  1.7

Action                     |  1- 3 |  4- 6 |  7- 9 | 10-12 || total
---------------------------+-------+-------+-------+-------++-------
  Melee: Mace              |    16 |       |       |       ||    16
         Dagger            |    68 |   182 |   172 |       ||   422
         Punch             |       |       |     4 |     1 ||     5
         Short sword       |       |       |   111 |    86 ||   197
   Fire: Sling             |       |    69 |    37 |       ||   106
         Shortbow          |       |       |    36 |   135 ||   171
  Throw: Throwing net      |       |     1 |       |       ||     1
   Cast: Sticky Flame      |       |       |     3 |    58 ||    61
Ability: Dig               |       |     2 |     6 |     2 ||    10
  Evoke: Wand              |       |       |    35 |     8 ||    43
    Use: Scroll            |       |     5 |     5 |     2 ||    12
         Potion            |       |       |     2 |     2 ||     4
   Stab: Sleeping          |     3 |    11 |     2 |       ||    16
         Held in net/web   |       |     1 |       |       ||     1
 Armour: Leather armour    |    25 |    35 |    98 |    39 ||   197
  Dodge: Dodged            |    58 |   114 |   210 |   101 ||   483
  Block: Buckler           |       |       |       |    15 ||    15

Table legend: (Time is in decaauts)
 A = Elapsed time spent in this place.
 B = Non-inter-level travel time spent in this place.
 C = Inter-level travel time spent in this place.
 D = Time resting spent in this place.
 E = Time spent auto-exploring this place.
 F = Levels seen in this place.
 G = Mean time per level.
                   A        B        C        D        E       F      G
               +--------+--------+--------+--------+--------+-----+--------+
         Total |  11072 |  10300 |    772 |   1453 |   3982 |  12 |  922.7 |
       Dungeon |  11047 |  10286 |    761 |   1453 |   3980 |  11 | 1004.3 |
        Temple |     25 |     14 |     11 |      0 |      2 |   1 |   25.0 |
               +--------+--------+--------+--------+--------+-----+--------+

Top non-repeatable levels by time:
     D:7: 1456 daAuts
     D:3: 1296 daAuts
     D:9: 1100 daAuts
    D:10: 1028 daAuts
     D:4: 1008 daAuts
     D:2: 973 daAuts
     D:5: 949 daAuts
    D:11: 885 daAuts
     D:6: 864 daAuts
     D:8: 747 daAuts
     D:1: 737 daAuts
  Temple: 25 daAuts
